 Dungeon Crawl Stone Soup version 0.29-a0-870-g2c972031a6 (webtiles) character file.

Game seed: 16259955544201276285

112 reriks the Magician (level 4, -3/24 HPs)
             Began as a Deep Elf Hedge Wizard on July 18, 2022.
             Killed from afar by a white imp (14 damage)
             ... with a puff of frost
             ... on level 4 of the Dungeon.
             The game lasted 00:05:36 (3875 turns).

reriks the Magician (Deep Elf Hedge Wizard)         Turns: 3875, Time: 00:05:36

Health: -3/24      AC:  2    Str:  7    XL:     4   Next: 63%
Magic:  6/13       EV: 17    Int: 21    God:
Gold:   195        SH:  0    Dex: 14    Spells: 11/13 levels left

rFire   . . .      SeeInvis .   g - +1 flail
rCold   . . .      Faith    .   (no shield)
rNeg    . . .      Spirit   .   b - +0 robe
rPois   .          Reflect  .   c - +0 hat
rElec   .          Harm     .   (no cloak)
rCorr   .          Rampage  .   (no gloves)
Will    .....                   (no boots)
Stlth   ++........              (no amulet)
HPRegen 0.08/turn               l - +4 ring of evasion
MPRegen 0.13/turn               (no ring)

@: no status effects
A: no striking features
a: no special abilities


You were on level 4 of the Dungeon.
You visited 1 branch of the dungeon, and saw 4 of its levels.

You collected 195 gold pieces.

Inventory:

Hand Weapons
 a - a +0 dagger
 g - a +1 flail (weapon)
 r - a +1 trident of protection
Armour
 b - a +0 robe (worn)
 c - a +0 hat (worn)
Jewellery
 l - a +4 ring of evasion (left hand)
Scrolls
 o - a scroll of teleportation
Potions
 d - a potion of magic
 e - 5 potions of curing
 f - 2 potions of mutation {unknown}
 k - a potion of heal wounds {unknown}
 n - a potion of cancellation {unknown}
 p - 3 potions of haste {unknown}


   Skills:
 + Level 3.4 Dodging
 + Level 3.6 Stealth
 + Level 5.2 Spellcasting
 + Level 2.3 Conjurations
 - Level 1.1 Summonings
 - Level 1.1 Translocations
 + Level 1.4 Poison Magic


You had 11 spell levels left.
You knew the following spells:

 Your Spells              Type           Power      Damage    Failure   Level
a - Magic Dart            Conj           60%        1d6       4%          1
b - Sting                 Tmut/Pois      32%        1d4       8%          1

Your spell library contained the following spells:

 Spells                   Type           Power      Damage    Failure   Level
 Blink                    Tloc           20%        N/A       10%         2
 Call Imp                 Summ           10%        N/A       10%         2
 Beastly Appendage        Tmut           10%        N/A       11%         1
 Slow                     Hex            20%        N/A       11%         1
 Poisonous Vapours        Pois/Air       16%        N/A       12%         2
 Wereblood                Tmut           5%         N/A       16%         2
 Conjure Flame            Conj/Fire      10%        6-21      19%         3
 Mephitic Cloud           Conj/Pois/Air  10%        N/A       19%         3
 Gell's Gravitas          Tloc           10%        N/A       21%         3
 Teleport Other           Tloc           10%        N/A       21%         3
 Spider Form              Tmut/Pois      8%         N/A       24%         3
 Olgreb's Toxic Radiance  Pois           11%        N/A       50%         4
 Dispersal                Tloc           5%         N/A       100%        6


Dungeon Overview and Level Annotations

Branches:
Dungeon (4/15)
 Temple: D:4-7

Altars:


Message History

Casting: Magic Dart (safe; 4% risk of failure)
Confirm with . or Enter, or press ? or * to list all spells.
Aiming: Magic Dart (safe; 4% risk of failure)
Press: ? - help, Shift-Dir - straight line, f/p - white imp
Aim: a white imp (moderately wounded, 100% to hit)
The magic dart hits the white imp but does no damage.
The white imp is moderately wounded.
Casting: Magic Dart (safe; 4% risk of failure)
Confirm with . or Enter, or press ? or * to list all spells.
Aiming: Magic Dart (safe; 4% risk of failure)
Press: ? - help, Shift-Dir - straight line, f/p - white imp
Aim: a white imp (moderately wounded, 100% to hit)
The magic dart hits the white imp.
The white imp is heavily wounded.
Casting: Magic Dart (safe; 4% risk of failure)
Confirm with . or Enter, or press ? or * to list all spells.
Aiming: Magic Dart (safe; 4% risk of failure)
Press: ? - help, Shift-Dir - straight line, f/p - white imp
Aim: a white imp (heavily wounded, 100% to hit)
The magic dart hits the white imp but does no damage.
The white imp is heavily wounded.
Casting: Magic Dart (safe; 4% risk of failure)
Confirm with . or Enter, or press ? or * to list all spells.
Aiming: Sting (safe; 8% risk of failure)
Press: ? - help, Shift-Dir - straight line, f/p - white imp
Aim: a white imp (heavily wounded, 68% to hit)
The sting hits the white imp.
The white imp partially resists.
The white imp is heavily wounded.
The white imp hits you. The white imp freezes you.
The orc throws a boomerang of dispersal.
The boomerang of dispersal closely misses you.
The white imp hits you. The white imp freezes you.
The white imp completely misses you.
Things that are here:
a +0 club; 5 stones The white imp attacks as you move away!
The white imp closely misses you. The white imp gestures at you.
The puff of frost hits you!
Ouch! That really hurt!
You die...

#.#######.....).####.# #.# #.#
###.....# #.# #o# #.# ##.#### #.#
#.# #.# ##'## #.. #.# #.# ##...##
#.. #.# #.## ##.....## #.. ##.#
#..######.......## #..
.#.#########.....##.....(...###..
.....)..o.....5)@.'.........'....
.#.#########...#.##.........###..
##.##### ###.##.###....)..## ###
.......# #......# ##.....## #
##.###.# #.###### ##...## ...#
#.# #.# ##+## # #### #.# #.# #.#
# # #.# #.# #.# # ######.# #.#
##.## #


You could see a white imp.

Vanquished Creatures
  A howler monkey (D:4)
  2 adders
  2 worms (D:3)
  A dart slug (D:3)
  4 orcs
  7 endoplasms
  2 giant cockroaches
  2 hobgoblins
  5 kobolds
  A quokka (D:1)
  7 ball pythons
  4 bats
  2 frilled lizards
  5 goblins
45 creatures vanquished.

Notes
Turn   | Place    | Note
-------+----------+-------------------------------------------
     0 | D:1      | reriks the Deep Elf Hedge Wizard began the quest for the
                  | Orb.
     0 | D:1      | Reached XP level 1. HP: 10/10 MP: 7/7
   977 | D:2      | Reached XP level 2. HP: 15/15 MP: 4/9
  1112 | D:2      | Found a faded altar of an unknown god.
  1366 | D:2      | Learned a level 1 spell: Sting
  2109 | D:3      | Reached XP level 3. HP: 19/19 MP: 8/11
  2612 | D:3      | Reached skill level 5 in Spellcasting
  3305 | D:4      | Reached skill level 1 in Poison Magic
  3578 | D:4      | Reached XP level 4. HP: 24/24 MP: 9/13
  3875 | D:4      | Killed from afar by a white imp

Illustrated notes

Levels and vault maps discovered:
D:1:      scummos_arrival_star, layout_loops_ring
D:2:      layout_loops_cross, shapermc_ecumenical_altar_starsandcircs
D:3:      layout_basic
D:4:      layout_loops_corners

Skill      XL: |  1  2  3 |
---------------+----------+-----
Stealth        | 3 |  3.6
Dodging        | 3 |  3.4
Conjurations   | 2 |  2.3
Spellcasting   | 5 |  5.2
Poison Magic   | 1 |  1.4
Summonings     | |  1.1
Translocations | |  1.1

Action                   |  1- 3 |  4- 6 || total
-------------------------+-------+-------++-------
 Cast: Magic Dart        |    90 |    12 ||   102
       Sting             |    17 |     4 ||    21
  Use: Scroll            |     6 |       ||     6
Dodge: Dodged            |     8 |     5 ||    13

Table legend: (Time is in decaauts)
 A = Elapsed time spent in this place.
 B = Non-inter-level travel time spent in this place.
 C = Inter-level travel time spent in this place.
 D = Time resting spent in this place.
 E = Time spent auto-exploring this place.
 F = Levels seen in this place.
 G = Mean time per level.
                   A        B        C        D        E       F      G
               +--------+--------+--------+--------+--------+-----+--------+
         Total |   3873 |   3719 |    154 |   1258 |   2049 |   4 |  968.2 |
       Dungeon |   3873 |   3719 |    154 |   1258 |   2049 |   4 |  968.2 |
               +--------+--------+--------+--------+--------+-----+--------+

Top non-repeatable levels by time:
     D:3: 1334 daAuts
     D:2: 978 daAuts
     D:1: 789 daAuts
     D:4: 770 daAuts
